 Dungeon Crawl Stone Soup version 0.28.0-53-g5a82cb258f (webtiles) character file.

Game seed: 4968982999784283768

4 Gabide the Shooter (level 1, 0/12 HPs)
             Began as a Deep Elf Hunter on June 18, 2022.
             Slain by a kobold
             ... wielding a +0 club
              (3 damage)
             ... on level 1 of the Dungeon.
             The game lasted 00:00:28 (295 turns).

Gabide the Shooter (Deep Elf Hunter)                 Turns: 295, Time: 00:00:29

Health: 0/12       AC:  3    Str:  9    XL:     1   Next: 50%
Magic:  3/3        EV: 12    Int: 15    God:
Gold:   0          SH:  0    Dex: 15    Spells: 0/0 levels left

rFire   . . .      SeeInvis .   a - +1 shortbow
rCold   . . .      Faith    .   (shield currently unavailable)
rNeg    . . .      Spirit   .   c - +0 leather armour
rPois   .          Reflect  .   (no helmet)
rElec   .          Harm     .   (no cloak)
rCorr   .          Rampage  .   (no gloves)
Will    .....                   (no boots)
Stlth   ++........              (no amulet)
HPRegen 0.04/turn               (no ring)
MPRegen 0.08/turn               (no ring)

@: no status effects
A: no striking features
a: no special abilities


You were on level 1 of the Dungeon.
You visited 1 branch of the dungeon, and saw 1 of its levels.

Inventory:

Hand Weapons
 a - a +1 shortbow (weapon)
 b - a +0 short sword
Missiles
 d - 17 arrows (quivered ammo)
Armour
 c - a +0 leather armour (worn)
Scrolls
 e - a scroll of magic mapping {unknown}


   Skills:
 + Level 1.6 Fighting
 * Level 0.6 Short Blades
 + Level 5.3 Bows
 - Level 2.4 Dodging
 - Level 1.2 Stealth


You couldn't memorise any spells.
You didn't know any spells.
Your spell library was empty.

Dungeon Overview and Level Annotations

Branches:
Dungeon (1/15)

Altars:


Message History

You hit the endoplasm.
The endoplasm is lightly wounded.
The bat barely misses you. The endoplasm barely misses you.
You hit the endoplasm.
The endoplasm is moderately wounded.
The bat hits you. The kobold hits you with a +0 club. The endoplasm hits you.
You are too injured to fight recklessly!
You are too injured to fight recklessly!
You are too injured to fight recklessly!
You are too injured to fight recklessly!
You are too injured to fight recklessly!
You are too injured to fight recklessly!
You are too injured to fight recklessly!
You are too injured to fight recklessly!
You are too injured to fight recklessly!
You are too injured to fight recklessly!
You are too injured to fight recklessly!
You are too injured to fight recklessly!
You are too injured to fight recklessly!
You are too injured to fight recklessly!
The bat closely misses you. The bat misses you. The endoplasm hits you.
* * * LOW HITPOINT WARNING * * *
The bat closely misses you. The bat barely misses you.
a - a +1 shortbow (weapon)
Fire: 19 arrows
Press: ? - help, Q - select action Shift-Dir - straight line, f - kobold
Aim: a kobold, wielding a +0 club (55% to hit)
You shoot an arrow. The arrow closely misses the kobold.
The kobold barely misses you.
Unknown command.
Fire: 18 arrows
Press: ? - help, Q - select action Shift-Dir - straight line, f/p - kobold
Aim: a kobold, wielding a +0 club (55% to hit)
You shoot an arrow. The arrow closely misses the kobold.
The arrow hits the endoplasm!
You kill the endoplasm!
The kobold hits you with a +0 club.
You die...

....?.......# #.#
...#........ #.. #..
#.##>...####. ... #.#
##(##......... #.##.# #.#
#(.......!.... #.##.# #.#
#.........##.. #.##.# #.#
#(...........# #.##.## #.#
#K#.....#.##..
#.#...######.###@##....#.#
. #................###.#.#
# †............##### #.#.#
##.....####### #.#..
##...## .. .. ##.##
#.......# #######.#


You could see a kobold.

Vanquished Creatures
  An endoplasm (D:1)
  2 giant cockroaches (D:1)
  A quokka (D:1)
4 creatures vanquished.

Notes
Turn   | Place    | Note
-------+----------+-------------------------------------------
     0 | D:1      | Gabide the Deep Elf Hunter began the quest for the Orb.
     0 | D:1      | Reached XP level 1. HP: 12/12 MP: 3/3
     2 | D:1      | Noticed a merfolk
     2 | D:1      | Noticed a vine stalker
     4 | D:1      | Noticed a vampire
     6 | D:1      | Noticed an elf
     8 | D:1      | Noticed a demigod
     8 | D:1      | Noticed a troll
    10 | D:1      | Noticed a formicid
    12 | D:1      | Noticed a draconian
    12 | D:1      | Noticed an ogre
    14 | D:1      | Noticed a naga
    14 | D:1      | Noticed a tengu
    16 | D:1      | Noticed an octopode
    18 | D:1      | Noticed a felid
    18 | D:1      | Noticed a spriggan
    20 | D:1      | Noticed a minotaur
    20 | D:1      | Noticed a dwarf
    22 | D:1      | Noticed a ghoul
    22 | D:1      | Noticed a demonspawn
    24 | D:1      | Noticed a human
    26 | D:1      | Noticed a gargoyle
   295 | D:1      | Slain by a kobold

Illustrated notes

Levels and vault maps discovered:
D:1:      kb_arrival_jail, layout_loops_ring, ebering_ecumenical_altar_box,
          serial_shops, nicolae_square_shop, nicolae_lakefront_shop

Action                   || total
-------------------------++-------
Melee: Short sword       ||    31
 Fire: Shortbow          ||     5
 Stab: Sleeping          ||     1
Armor: Leather armour    ||     8
Dodge: Dodged            ||    38
